 Dungeon Crawl Stone Soup version 0.25-a0-545-ge4db218 (webtiles) character file.

Game seed: 17992784023511674086, levelgen mode: deterministic

465 wolfsongas the Skirmisher (level 7, -15/66 HPs)
             Began as a Ghoul Monk on Feb 21, 2020.
             Demolished by an orc warrior
             ... wielding a cursed -1 glaive
              (19 damage)
             ... on level 3 of the Dungeon.
             The game lasted 00:04:06 (2324 turns).

wolfsongas the Skirmisher (Ghoul Monk)              Turns: 2324, Time: 00:04:07

Health: -15/66     AC:  9    Str: 16    XL:     7   Next: 8%
Magic:  6/6        EV:  7    Int:  5    God:
Gold:   181        SH:  0    Dex: 12    Spells: 6/6 levels left

rFire    . . .     SeeInvis .     - Unarmed
rCold    + . .     Gourm    .   (no shield)
rNeg     + + +     Faith    .   d - +0 chain mail
rPois    ∞         Spirit   .   f - +0 helmet
rElec    .         Reflect  .   (no cloak)
rCorr    +         Harm     .   (no gloves)
MR       .....                  (no boots)
Stlth    ..........             (no amulet)
HPRegen  0.00/turn              h - ring of resist corrosion
MPRegen  0.10/turn              (no ring)

@: rotting
A: rotting body, claws 1, carnivore, cold resistance 1, negative energy
resistance 3, inhibited regeneration, torment resistance, unbreathing
a: no special abilities


You were on level 3 of the Dungeon.
You were not hungry.

You visited 1 branch of the dungeon, and saw 3 of its levels.

You collected 181 gold pieces.

Inventory:

Armour
 a - a +0 robe
 d - a +0 chain mail (worn)
 f - a +0 helmet (worn)
Jewellery
 h - a ring of resist corrosion (left claw)
Scrolls
 g - 2 scrolls of remove curse
 i - a scroll of immolation
Potions
 e - a potion of cancellation
Comestibles
 b - 6 rations
 c - 5 chunks of flesh


   Skills:
 * Level 7.2 Fighting
 - Level 2.6 Dodging
 - Level 2.1 Stealth
 + Level 5.5 Unarmed Combat


You had 6 spell levels left.
You didn't know any spells.
Your spell library was empty.

Dungeon Overview and Level Annotations

Branches:
Dungeon (3/15)

Altars:


Innate Abilities, Weirdness & Mutations

Your body is rotting away.
You thrive on raw meat.
You are immune to poison.
You have sharp fingernails.
You are carnivorous and can eat meat at any time.
Your flesh is cold resistant. (rC+)
You are immune to negative energy. (rN+++)
You do not regenerate when monsters are visible.
You are immune to unholy pain and torment.
You can survive without breathing.


Message History

The orc warrior is moderately wounded.
The orc warrior hits you with a cursed -1 glaive!
You scratch the orc warrior.
The orc warrior is moderately wounded.
You claw the orc warrior!
The orc warrior is heavily wounded.
The orc warrior barely misses you.
You scratch the orc warrior but do no damage.
The orc warrior is heavily wounded.
The orc warrior hits you with a cursed -1 glaive!!
You closely miss the orc warrior.
The orc warrior is heavily wounded.
You scratch the orc warrior.
The orc warrior is severely wounded.
The orc warrior hits you with a cursed -1 glaive!!
* * * LOW HITPOINT WARNING * * *
You scratch the orc warrior but do no damage.
The orc warrior is severely wounded.
The orc warrior hits you with a cursed -1 glaive!!
You die...

####...........#
..........######
#####..#.#
########..#.#
..oooo....#.#
########.##.#
#.##.#
#######o##..
#....@oo####
#.#######


You could see an orc warrior and 2 orcs.

Vanquished Creatures
  2 ice beasts (D:3)
  A necrophage (D:3)
  2 scorpions (D:3)
  3 adders (D:2)
  A dart slug (D:1)
  2 leopard geckos (D:2)
  4 giant cockroaches
  11 goblins
  8 hobgoblins
  6 jackals (D:1)
  9 kobolds
  A quokka (D:2)
  2 ball pythons (D:2)
  6 bats (D:1)
  4 frilled lizards
  7 rats
69 creatures vanquished.

Notes
Turn   | Place    | Note
-------+----------+-------------------------------------------
     0 | D:1      | wolfsongas the Ghoul Monk began the quest for the Orb.
     0 | D:1      | Reached XP level 1. HP: 19/19 MP: 0/0
     3 | D:1      | Noticed an electric eel
     3 | D:1      | Noticed an electric eel
   486 | D:1      | Reached XP level 2. HP: 27/27 MP: 1/1
   547 | D:1      | Reached skill level 4 in Fighting
   593 | D:1      | Reached XP level 3. HP: 19/33 MP: 2/2
  1317 | D:2      | Reached XP level 4. HP: 36/41 MP: 3/3
  1574 | D:2      | Reached skill level 5 in Fighting
  2000 | D:3      | Noticed an ice beast
  2001 | D:3      | Noticed a necrophage
  2010 | D:3      | Killed an ice beast
  2010 | D:3      | Reached XP level 5. HP: 37/50 MP: 4/4
  2014 | D:3      | Killed a necrophage
  2014 | D:3      | Reached skill level 6 in Fighting
  2014 | D:3      | Reached skill level 5 in Unarmed Combat
  2014 | D:3      | Reached XP level 6. HP: 36/58 MP: 5/5
  2169 | D:3      | Noticed an ice beast
  2195 | D:3      | Killed an ice beast
  2195 | D:3      | Reached skill level 7 in Fighting
  2200 | D:3      | Reached XP level 7. HP: 37/66 MP: 6/6
  2324 | D:3      | Demolished by an orc warrior

Levels and vault maps discovered:
D:1:      arrival_aquarium_b, layout_loops_cross, eino_curves_04,
          grunt_decor_resistance, nrook_campfire,
          hangedman_abyss_or_decor_lesser_grid, serial_bayou_ford_a,
          minmay_nonomino_d4
D:2:      layout_rooms, dk_noncrumbling_3
D:3:      cheibrodos_helix_gallery, layout_loops_ring, minmay_misc_feat_columns

Skill      XL: |  1  2  3  4  5  6 |
---------------+-------------------+-----
Fighting       | 4 5 6 7 |  7.2
Unarmed Combat | 4 5 |  5.5
Dodging        | |  2.6
Stealth        | |  2.1

Action                   |  1- 3 |  4- 6 |  7- 9 || total
-------------------------+-------+-------+-------++-------
Melee: Unarmed           |   143 |   124 |     9 ||   276
       Punch             |     3 |     2 |       ||     5
  Use: Potion            |     1 |     3 |       ||     4
       Scroll            |     2 |     5 |       ||     7
  Eat: Chunk             |    16 |     2 |     1 ||    19
Armor: Robe              |    15 |       |       ||    15
       Chain mail        |    67 |    77 |       ||   144
Dodge: Dodged            |    70 |    48 |     3 ||   121

Table legend:
 A = Non-vault XP
 B = Vault XP
 C = Vault XP percentage of total XP
 D = Non-vault monster count
 E = Vault monster count
 F = Vault count percentage of total count
                 A         B        C        D         E       F
            +---------+---------+-------+---------+---------+-------
      Total |     655 |      10 |   1.5 |      63 |       6 |   8.7
            +---------+---------+-------+---------+---------+-------
        D:1 |      55 |      10 |  15.4 |      32 |       6 |  15.8
        D:2 |      73 |       0 |   0.0 |      23 |       0 |   0.0
        D:3 |     527 |       0 |   0.0 |       8 |       0 |   0.0
            +---------+---------+-------+---------+---------+-------
